Map: [ESL] Hard Lead

Players

Reynor

  • Race: Zerg Zerg
  • Spawn Location: 11:00

ShoWTimE - Winner!

  • Race: Protoss Protoss
  • Spawn Location: 5:00

Event: ESL SC2 Masters 2023 Winter (Regional)

VOD

Have the link to the VOD?

Description

Time

  • Played on: Nov. 17, 2023, 12:58 p.m.
  • Length: 21:17

All games in this series

Show
View Real Time Build Order
Export as new Build Order

Reynor Zerg 

Build Orders: 3 Hatch before Pool, Lurkers, Roach Hydra 

Get SALT Encoding   

  12  0:00  Drone  
  13  0:11  Overlord  
  13  0:16  Drone  
  14  0:30  Drone x2  
  16  0:48  Hatchery  
  15  0:51  Drone  
  15  0:55  Drone  
  17  1:18  Hatchery  
  16  1:19  Drone  
  16  1:23  Drone  
  18  1:34  Extractor  
  18  1:38  Spawning Pool  
  16  1:42  Drone  
  16  1:44  Drone  
  18  1:49  Drone  
  20  1:55  Drone  
  20  2:00  Drone  
  22  2:04  Drone  
  23  2:18  Overlord  
  23  2:25  Zergling x2, Queen x2  
  23  2:28  Extractor  
  23  2:29  Zergling x2  
  28  2:37  Zergling x6  
  31  2:38  Metabolic Boost  
  31  2:43  Drone  
  33  2:48  Drone  
  34  2:56  Drone  
  34  2:58  Drone, Spore Crawler  
  34  3:05  Drone  
  31  3:08  Drone  
  33  3:13  Hatchery  
  33  3:14  Overlord  
  33  3:18  Queen  
  34  3:20  Drone  
  35  3:34  Queen  
  35  3:35  Drone x2  
  35  3:38  Drone x2  
  35  3:40  Overlord  
  41  3:42  Drone  
  41  3:44  Drone  
  43  3:48  Drone  
  43  3:53  Overlord  
  43  3:59  Drone x2  
  43  4:00  Drone  
  43  4:02  Queen  
  48  4:07  Drone  
  49  4:12  Queen  
  49  4:14  Drone x3  
  54  4:18  Spore Crawler  
  54  4:19  Drone  
  54  4:23  Drone x2  
  56  4:27  Spore Crawler  
  56  4:29  Queen  
  57  4:33  Drone  
  57  4:35  Overlord  
  57  4:36  Drone  
  59  4:40  Drone, Spore Crawler  
  59  4:45  Zergling x6  
  62  4:53  Drone x2, Overlord  
  62  4:54  Drone  
  62  4:56  Drone  
  62  4:58  Overlord  
  62  4:59  Drone  
  67  5:03  Drone x2  
  67  5:08  Drone x2  
  67  5:13  Drone x4  
  73  5:16  Evolution Chamber  
  73  5:20  Zergling x8  
  76  5:22  Spore Crawler  
  76  5:32  Drone x3  
  76  5:35  Overlord, Hatchery  
  79  5:37  Drone, Spore Crawler  
  79  5:39  Drone  
  79  5:40  Drone  
  79  5:41  Drone x2  
  79  5:42  Drone  
  83  5:43  Drone  
  83  5:45  Drone x2  
  83  5:46  Drone  
  85  5:52  Overlord  
  85  5:54  Drone x2  
  85  5:55  Drone  
  88  5:58  Zerg Missile Weapons Level 1  
  88  5:59  Lair  
  88  6:00  Extractor, Drone  
  88  6:02  Drone  
  88  6:03  Drone  
  90  6:06  Extractor  
  90  6:07  Extractor  
  90  6:11  Drone x2  
  90  6:14  Drone x4  
  90  6:16  Roach Warren  
  90  6:17  Extractor x2  
  90  6:18  Drone x4  
  94  6:22  Overlord  
  95  6:27  Overlord  
  94  6:33  Overlord  
  94  6:39  Drone x7  
  97  6:42  Overlord  
  97  6:44  Drone x2  
  97  6:45  Drone  
  98  6:50  Drone x3  
  100  6:58  Roach x4  
  110  7:01  Glial Reconstitution, Roach x2  
  110  7:04  Roach  
  110  7:06  Overlord  
  110  7:07  Extractor  
  113  7:10  Hydralisk Den  
  113  7:11  Roach x4  
  113  7:13  Overseer  
  113  7:14  Roach x2  
  113  7:15  Zergling x2  
  125  7:19  Overlord  
  125  7:26  Overlord  
  125  7:28  Drone x5  
  125  7:29  Extractor  
  128  7:41  Hatchery  
  128  7:43  Muscular Augments  
  128  7:44  Overlord  
  127  7:45  Drone  
  127  7:46  Drone x2  
  127  7:47  Hydralisk x7  
  127  7:48  Hydralisk  
  146  7:52  Overlord  
  146  7:53  Zerg Missile Weapons Level 2  
  146  7:59  Overseer  
  146  8:07  Hydralisk x4  
  146  8:11  Hydralisk x2  
  158  8:14  Hydralisk x2  
  158  8:15  Zergling x16  
  170  8:20  Hydralisk x2, Overlord  
  170  8:24  Pneumatized Carapace  
  170  8:25  Overlord  
  174  8:30  Ravager  
  174  8:31  Ravager  
  174  8:32  Overlord x2  
  175  8:34  Overlord  
  175  8:38  Overlord  
  175  8:46  Ravager x4  
  175  8:47  Grooved Spines  
  179  8:49  Zergling x20  
  179  8:52  Ravager  
  183  9:03  Roach x8  
  198  9:17  Infestation Pit  
  197  9:41  Drone  
  197  9:42  Lurker Den  
  197  9:52  Overseer  
  197  9:55  Hive  
  197  9:58  Hydralisk  
  197  10:13  Hydralisk  
  199  10:18  Hydralisk x2  
  199  10:21  Extractor  
  199  10:22  Extractor, Overseer  
  190  10:29  Roach x3  
  190  10:30  Roach x2  
  188  10:40  Hydralisk x15  
  194  10:47  Roach x8  
  194  10:49  Overlord  
  188  10:52  Roach x10  
  188  10:53  Queen  
  179  10:57  Roach x9  
  179  11:00  Queen  
  192  11:07  Viper  
  192  11:08  Viper  
  192  11:09  Spore Crawler, Spine Crawler  
  195  11:16  Viper  
  198  11:22  Spore Crawler  
  198  11:23  Spine Crawler x2  
  198  11:24  Seismic Spines, Spore Crawler  
  194  11:25  Spine Crawler  
  194  11:27  Spine Crawler  
  189  11:42  Lurker x5  
  189  11:43  Lurker  
  193  12:07  Hydralisk x9  
  193  12:08  Hatchery  
  174  12:16  Roach x9  
  174  12:22  Hydralisk x3  
  196  12:46  Overlord x4  
  190  12:57  Roach x12  
  185  12:59  Hydralisk, Roach x2  
  185  13:02  Overlord  
  163  13:10  Hydralisk x2  
  163  13:11  Hydralisk x2  
  163  13:12  Lurker x3  
  170  13:17  Lurker x7  
  170  13:19  Zergling x6  
  181  13:20  Zergling x2  
  182  13:27  Drone  
  177  13:39  Drone x4  
  177  13:41  Adaptive Talons  
  177  13:43  Lurker x4  
  177  13:46  Zergling x12  
  177  13:47  Zergling x6  
  188  13:49  Lurker x2  
  188  13:50  Drone  
  188  13:51  Drone  
  160  14:02  Zergling x2  
  160  14:03  Zergling x6, Queen  
  160  14:09  Hydralisk x2  
  156  14:10  Viper  
  156  14:13  Drone x5  
  156  14:16  Lurker  
  165  14:19  Hydralisk x2  
  167  14:40  Hydralisk x4  
  167  14:41  Lurker x2  
  175  14:54  Hydralisk x3  
  175  14:55  Queen  
  161  15:08  Hydralisk x6  
  161  15:13  Zergling x14  
  172  15:25  Hydralisk x3  
  152  15:41  Lurker x3  
  152  15:42  Lurker, Hydralisk x2  
  156  15:48  Drone x2, Spawning Pool  
  152  15:52  Hydralisk x3  
  156  16:00  Hydralisk x2  
  160  16:05  Hydralisk x2  
  164  16:22  Hydralisk x6  
  174  16:44  Hydralisk x6  
  186  16:53  Hydralisk x3  
  192  17:04  Hydralisk x4  
  198  17:20  Hydralisk  
  184  17:38  Hydralisk x5  
  184  17:42  Zergling x2  
  115  18:07  Lurker x5  
  115  18:08  Hydralisk x5  
  126  18:39  Lurker x3  
  127  18:43  Lurker  
  114  18:55  Overseer  
  75  20:27  Extractor  
  73  20:42  Extractor  
  73  20:44  Extractor  
Show
View Real Time Build Order
Export as new Build Order

ShoWTimE Protoss - Winner!

Build Orders: Oracle Opening 

Get SALT Encoding   

  12  0:00  Probe  
  13  0:12  Probe  
  14  0:17  Pylon  
  14  0:24  Probe (Chrono Boost)  
  15  0:36  Probe (Chrono Boost)  
  15  0:38  Gateway  
  16  0:44  Probe (Chrono Boost)  
  16  0:46  Assimilator  
  17  0:50  Probe  
  18  1:03  Probe  
  19  1:15  Probe  
  20  1:24  Zealot (Chrono Boost), Pylon  
  20  1:28  Cybernetics Core, Probe  
  23  1:42  Probe  
  24  2:04  Nexus  
  24  2:06  Adept (Chrono Boost)  
  26  2:13  Assimilator  
  26  2:16  Probe  
  27  2:28  Probe, Adept  
  30  2:35  Pylon  
  30  2:40  Probe  
  31  2:46  Stargate  
  31  2:53  Probe  
  32  3:05  Probe (Chrono Boost)  
  31  3:07  Adept  
  31  3:11  Warp Gate  
  31  3:16  Probe (Chrono Boost)  
  33  3:23  Probe (Chrono Boost)  
  33  3:25  Probe (Chrono Boost)  
  33  3:26  Oracle (Chrono Boost)  
  34  3:30  Probe x2 (Chrono Boost)  
  39  3:35  Gateway  
  39  3:41  Probe  
  39  3:42  Probe, Adept  
  43  3:53  Probe  
  43  3:54  Probe  
  45  3:59  Oracle (Chrono Boost)  
  48  4:05  Probe  
  48  4:07  Probe  
  50  4:13  Nexus  
  50  4:17  Probe  
  50  4:18  Pylon  
  50  4:19  Probe  
  52  4:26  Assimilator  
  52  4:28  Assimilator  
  52  4:30  Probe  
  53  4:31  Probe  
  53  4:33  Oracle (Chrono Boost)  
  53  4:36  Pylon  
  57  4:42  Probe  
  57  4:43  Probe  
  59  4:52  Forge  
  59  4:54  Twilight Council, Probe  
  59  4:55  Probe  
  61  5:03  Adept x2  
  61  5:06  Probe  
  61  5:07  Gateway  
  66  5:08  Probe  
  67  5:14  Gateway  
  67  5:18  Pylon  
  67  5:19  Probe  
  67  5:20  Probe  
  69  5:26  Probe  
  69  5:27  Sentry x2, Protoss Ground Weapons Level 1 (Chrono Boost)  
  74  5:31  Probe  
  74  5:32  Blink (Chrono Boost), Probe  
  76  5:38  Probe  
  77  5:44  Probe (Chrono Boost)  
  77  5:46  Probe (Chrono Boost)  
  79  5:50  Probe (Chrono Boost)  
  79  5:51  Shield Battery  
  79  5:56  Probe (Chrono Boost)  
  82  6:00  Robotics Facility, Probe x2 (Chrono Boost)  
  82  6:01  Pylon  
  82  6:02  Probe (Chrono Boost)  
  84  6:04  Assimilator  
  84  6:05  Probe (Chrono Boost)  
  84  6:08  Probe  
  84  6:10  Assimilator, Probe  
  87  6:15  Photon Cannon  
  87  6:16  Pylon  
  87  6:17  Probe  
  88  6:20  Probe  
  88  6:22  Probe  
  90  6:29  Probe  
  90  6:31  Stalker x4  
  90  6:32  Probe  
  100  6:35  Probe  
  93  6:42  Phoenix  
  93  6:46  Probe  
  94  6:49  Observer  
  94  6:52  Robotics Facility, Robotics Bay  
  95  7:00  Gateway  
  95  7:01  Gateway  
  95  7:03  Stalker  
  95  7:04  Pylon  
  95  7:05  Gateway x2  
  95  7:06  Protoss Ground Weapons Level 2  
  97  7:11  Immortal  
  97  7:12  Stalker  
  103  7:16  Pylon  
  103  7:19  Pylon  
  103  7:29  Nexus, Probe x3  
  106  7:38  Pylon  
  106  7:41  Colossus (Chrono Boost)  
  112  7:48  Photon Cannon  
  112  7:49  Shield Battery  
  112  7:50  Probe x3  
  112  7:51  Shield Battery  
  121  7:55  Photon Cannon  
  121  7:56  Colossus (Chrono Boost)  
  121  7:57  Extended Thermal Lance (Chrono Boost)  
  121  8:05  Templar Archives, Probe x2  
  123  8:06  Gateway  
  123  8:09  Probe  
  123  8:10  Gateway  
  124  8:13  Gateway  
  124  8:17  Probe  
  124  8:18  Photon Cannon  
  125  8:21  Sentry x2  
  129  8:27  Assimilator  
  129  8:31  Assimilator, Colossus (Chrono Boost)  
  135  8:35  Photon Cannon  
  135  8:37  Pylon  
  135  8:38  Stalker x2  
  139  8:45  Stalker x3  
  145  8:48  Shield Battery  
  145  8:56  Colossus (Chrono Boost)  
  145  9:01  Stalker x3  
  155  9:04  Charge (Chrono Boost)  
  155  9:06  Pylon  
  155  9:08  Shield Battery  
  155  9:12  Pylon  
  155  9:14  Pylon  
  155  9:23  Shield Battery  
  155  9:31  Immortal (Chrono Boost)  
  155  9:34  Zealot x7  
  155  9:37  Protoss Ground Weapons Level 3 (Chrono Boost)  
  173  9:39  Stalker  
  175  9:46  Immortal (Chrono Boost)  
  179  9:53  Photon Cannon  
  179  9:59  Pylon  
  179  10:07  High Templar x4  
  179  10:10  Archon  
  179  10:11  Archon  
  179  10:13  Pylon  
  186  10:18  Warp Prism  
  186  10:21  High Templar x4  
  193  10:26  Archon x2  
  193  10:27  Pylon  
  195  10:30  Nexus, Stalker x2  
  173  10:52  Zealot x2  
  173  10:53  Zealot x4  
  173  10:56  Immortal (Chrono Boost)  
  169  11:03  Probe x2  
  169  11:05  Probe  
  169  11:07  Pylon  
  169  11:09  Pylon  
  169  11:10  Pylon  
  170  11:14  Assimilator  
  170  11:15  Pylon  
  170  11:20  Observer (Chrono Boost)  
  171  11:30  Pylon  
  171  11:34  High Templar x5, Immortal (Chrono Boost)  
  171  11:35  High Templar  
  171  11:38  Archon x2  
  171  11:39  Archon  
  187  11:44  Probe x5  
  187  11:46  Immortal (Chrono Boost)  
  192  11:52  Gateway  
  196  11:54  Zealot x2  
  200  12:03  Photon Cannon  
  200  12:06  Protoss Shields Level 1 (Chrono Boost), Photon Cannon  
  178  12:09  Zealot x6  
  178  12:10  Zealot x2  
  178  12:13  Immortal (Chrono Boost)  
  190  12:23  High Templar  
  190  12:24  High Templar, Probe  
  190  12:25  Immortal (Chrono Boost)  
  190  12:27  Photon Cannon  
  190  12:28  Archon, Shield Battery  
  195  12:31  Pylon  
  191  12:45  Zealot x4  
  193  12:53  Zealot x2  
  193  12:54  Zealot x2  
  191  13:00  Immortal (Chrono Boost)  
  191  13:04  Zealot x2  
  179  13:08  High Templar  
  179  13:09  High Templar  
  179  13:11  Immortal (Chrono Boost)  
  179  13:12  Zealot x2  
  183  13:17  Zealot x4, Assimilator  
  195  13:20  Assimilator  
  195  13:27  Stalker x3  
  195  13:35  Immortal (Chrono Boost)  
  191  13:43  Zealot x4  
  199  13:56  Protoss Ground Armor Level 1 (Chrono Boost)  
  199  13:58  Immortal (Chrono Boost)  
  163  14:07  Zealot x11  
  177  14:11  Immortal (Chrono Boost)  
  177  14:12  Probe  
  177  14:15  Probe  
  177  14:16  Probe x3  
  186  14:28  Nexus  
  186  14:30  Immortal  
  186  14:38  Zealot  
  186  14:39  Zealot x3  
  186  14:44  Zealot x3  
  199  14:55  Psionic Storm  
  195  15:00  Nexus  
  169  15:09  Zealot x6  
  169  15:10  Zealot x5, Immortal (Chrono Boost)  
  169  15:11  Immortal (Chrono Boost)  
  188  15:24  Probe  
  179  15:32  Zealot x10  
  179  15:35  Nexus, High Templar  
  187  15:39  Immortal (Chrono Boost), Pylon  
  187  15:40  Immortal (Chrono Boost)  
  179  15:53  Pylon  
  179  15:54  High Templar x3  
  179  15:55  High Templar x6  
  179  15:56  High Templar  
  195  15:59  Archon x3  
  195  16:00  Gateway  
  195  16:02  Gateway  
  192  16:15  Photon Cannon  
  192  16:17  Photon Cannon  
  188  16:19  Photon Cannon  
  188  16:21  Shield Battery  
  188  16:22  Zealot  
  188  16:28  Zealot x4  
  188  16:30  Zealot x2  
  194  16:45  Probe x2  
  194  16:49  Fleet Beacon  
  194  16:52  Stargate, Shield Battery  
  194  16:54  Stargate  
  194  16:55  Shield Battery  
  194  17:11  Zealot x3  
  198  17:27  Zealot x5  
  198  17:31  Zealot  
  198  17:36  Zealot x3  
  194  17:38  Carrier (Chrono Boost)  
  194  17:41  Carrier (Chrono Boost)  
  194  17:48  Carrier (Chrono Boost), Zealot x5  
  194  17:57  Observer x2 (Chrono Boost)  
  190  18:03  High Templar x6  
  199  18:08  Archon x3  
  199  18:17  Nexus  
  197  18:31  Pylon  
  197  18:39  Pylon  
  197  18:41  Pylon  
  195  18:44  Pylon  
  195  18:46  Pylon  
  195  18:47  Photon Cannon  
  183  18:48  Photon Cannon  
  183  18:50  Photon Cannon  
  183  18:52  Pylon  
  183  18:56  Pylon  
  177  19:15  High Templar x7  
  191  19:18  Photon Cannon  
  191  19:22  Archon x2  
  170  20:18  Forge  
  170  20:20  Gateway  
  165  20:22  Gateway  
  165  20:37  Assimilator  
  165  20:39  Assimilator  
  157  20:54  Pylon  
  157  20:56  Pylon  
  150  20:58  Pylon  
  150  20:59  Pylon x2  
  150  21:01  Pylon  
  150  21:04  Pylon  
  138  21:05  Pylon  
  138  21:07  Pylon  
Tags
 
Add a new tag
Caveats
  • Supply blocks, unpowered buildings, or Contaminate may cause inaccurate times.
  • Supply counts are checked every 10 seconds.